Unix NetHack Version 5.0.0-0 post-release - last build Jun 10 2026 00:39:30 (3ee93aec679c4c4259841fe613dc97188e26a321,branch:main).

Game began 2026-06-23 20:39:21, ended 2026-06-23 21:15:27.

ARFwashere, neutral male human Archeologist

                   ---
         ----      |.-------
         |..|      |....)@.|
      ----..|      |...--GG|
      |.....---    |...|-....
      -.......--   |...| .#....
       -.......-----...| . @....|
     |...............----.  --+--
     -------..-----..|  |.
           --..|-----|  +.. | 2
            |..--.--.----...|
            -...)...........|
           |...-............|
          ...--......-----. |
       ...... --.---.|    .
     .......   |----.|    ..
      --....   |..<..|    ..
       --..  |....--.|    ..
        |..  |...- ---    -.
        ---  ----          --

ARFwashere the Field Worker  St:10 Dx:13 Co:15 In:15 Wi:15 Ch:9  Neutral
Dlvl:6  $:0  HP:0(28) Pw:21(21) AC:0  Xp:5 T:3470  Satiated Burdened

Latest messages:
 You finish eating the rock piercer corpse.
 You see here a thonged club.
 You see here a flail.
 You see here a thonged club.
 You feel strong!
 You must have been exercising diligently.
 You fall down the stairs.
 You hear a door open.
 You hear a door open.
 You hear a door open.
 The giant ant misses!
 The giant ant misses!
 The giant ant bites!
 The rothe misses!
 The rothe bites!
 The rothe misses!
 The giant ant bites!
 What do you want to write with? [- agoqvzFLS-W or ?*] -
 You write in the dust with your fingertip.
 What do you want to write in the dust here? Elbereth
 The giant ant turns to flee.
 The rothe turns to flee.
 The dwarf throws a dagger!
 The dagger misses the dwarf.
 A dagger misses you.
 The dwarf throws a stout spear!
 A stout spear misses you.
 You hear a door open.
 You hear a door open.
 You hear a door open.
 You hear a chugging sound.
 The gnome throws a dart!
 The dart misses the gnome lord.
 A dart misses you.
 You hear crashing rock.
 The gnome lord hits!
 You hit the gnome lord.
 The gnome lord hits!
 The gnome throws a dart!
 The dart hits the gnome lord.
 The gnome lord misses!
 You hit the gnome lord.
 The gnome lord hits!
 The gnome hits!
 You die...
 Do you want your possessions identified? [ynq] (y) n
 Do you want to see your attributes? [ynq] (y) n
 Do you want an account of creatures vanquished? [ynaq] (y) n
 Do you want to see your conduct and achievements? [ynq] (y) n
 Do you want to see the dungeon overview? [ynq] (y) n

Inventory:
 Weapons  (')')
  v - 4 blessed +0 darts (at the ready)
  S - 52 +0 darts
  W - a cursed +0 dart
  T - 11 cursed -1 darts
  a - a +2 bullwhip (alternate weapon; not wielded)
 Armor    ('[')
  C - an uncursed +0 dwarvish iron helm (being worn)
  E - an uncursed +0 pair of iron shoes (being worn)
  G - an uncursed +0 dwarvish cloak (being worn)
  X - a cursed -1 dwarvish cloak
  A - an uncursed +0 dwarvish mithril-coat (being worn)
  b - an uncursed +0 leather jacket
 Comestibles  ('%')
  d - 5 uncursed food rations
 Scrolls  ('?')
  i - a blessed scroll of magic mapping
  K - an uncursed scroll of remove curse
 Potions  ('!')
  M - an uncursed potion of booze
  H - a blessed potion of healing
  p - an uncursed potion of invisibility
  s - an uncursed potion of paralysis
  P - an uncursed potion of sleeping
 Rings    ('=')
  V - an uncursed ring of protection from shape changers
  L - an uncursed ring of warning (on right hand)
 Tools    ('(')
  h - an uncursed sack containing 1 item
  w - an uncursed magic whistle
  l - an uncursed oil lamp
  n - an uncursed oil lamp
  e - a +0 pick-axe (weapon in right hand)
  k - an uncursed skeleton key
  J - a cursed stethoscope
  f - a tinning kit (0:39)
 Gems/Stones  ('*')
  z - an uncursed agate stone
  o - a cursed amethyst stone
  F - 2 uncursed black opals
  q - an uncursed citrine stone
  U - an uncursed sapphire
  g - an uncursed touchstone

Contents of the sack:
  862 gold pieces

ARFwashere the Archeologist's attributes:

Background:
 You were a Field Worker, a level 5 male human Archeologist.
 You were neutral, on a mission for Camaxtli
 who was opposed by Quetzalcoatl (lawful) and Huhetotl (chaotic).
 You were right-handed.
 You were in the Gnomish Mines, on level 6.
 You entered the dungeon 3470 turns ago.
 You had 294 experience points, 26 more were needed to attain level 6.

Basics:
 You had 0 out of 28 hit points.
 You had all 21 energy points (spell power).
 Your armor class was 0.
 Your wallet was empty, but
 you had 862 zorkmids stashed away in your pack.
 Autopickup was on for '$' plus thrown.

Final Characteristics:
 Your strength was 10 (limit:18/100).
 Your dexterity was 13 (limit:18).
 Your constitution was 15 (limit:18).
 Your intelligence was 15 (limit:18).
 Your wisdom was 15 (limit:18).
 Your charisma was 9 (limit:18).

Final Status:
 You were satiated.
 You were burdened; movement was slightly slowed.
 You were wielding a pick-axe.
 You were skilled in pick-axe.

Final Attributes:
 You were piously aligned.
 Your items were somewhat protected from fire.
 Your items were somewhat protected from cold.
 You were warned.
 You had automatic searching.
 You were stealthy.
 You were guarded.
 You are dead.

Miscellaneous:
 You didn't encounter any bones levels.
 Total elapsed playing time was 36 minutes and 1 second.

Major events:
 Turn
    1: ARFwashere the neutral male human Archeologist entered the dungeon
 1566: attained the rank of Field Worker (level 3)
 1572: entered the Gnomish Mines
 3422: reached Mine Town
 3470: killed by a gnome

You didn't know any spells.

Skills:
 Fighting Skills
   bare handed combat [Unskilled]
   two weapon combat  [Unskilled]
   riding             [Unskilled]
 Weapon Skills
   dagger             [Unskilled]
   knife              [Unskilled]
   pick-axe           [Skilled]
   short sword        [Unskilled]
   saber              [Unskilled]
   club               [Unskilled]
   quarterstaff       [Unskilled]
   sling              [Unskilled]
   dart               [Unskilled]
   boomerang          [Unskilled]
   whip               [Basic]
   unicorn horn       [Unskilled]
 Spellcasting Skills
   attack spells      [Unskilled]
   healing spells     [Unskilled]
   divination spells  [Unskilled]
   matter spells      [Unskilled]

Voluntary challenges:
 Character rerolling was not enabled.
 You never genocided any monsters.
 You never polymorphed an object.
 You never changed form.
 You used no wishes.
Achievements:
 You attained the rank of Field Worker.
 You entered the Gnomish Mines.
 You entered Minetown.

 The Dungeons of Doom: levels 1 to 4
    Level 1:
    Level 2:
       An altar, a fountain.
    Level 3:
       Some altars.
       Stairs down to The Gnomish Mines.
    Level 4:
 The Gnomish Mines: levels 4 to 6
    Level 4:
    Level 5:
    Level 6: <- You were here.
       A tree.
       Final resting place for
          you, killed by a gnome.


Vanquished creatures:
  a rock piercer
  a rock mole
  2 gnome leaders
  a kobold mummy
  a floating eye
  4 dwarves
  a rothe
  a werejackal
 an iguana
  2 cave spiders
  a yellow mold
  a green mold
  a red mold
 20 gnomes
  a gnome zombie
  7 geckos
  6 jackals
  a fox
  4 kobolds
  3 goblins
  5 sewer rats
  5 grid bugs
  2 lichens
  a kobold zombie
  2 newts
75 creatures vanquished.

No species were genocided or became extinct.

Game over:
                       ----------
                      /          \
                     /    REST    \
                    /      IN      \
                   /     PEACE      \
                  /                  \
                  |    ARFwashere    |
                  |      862 Au      |
                  |   killed by a    |
                  |      gnome       |
                  |                  |
                  |                  |
                  |       2026       |
                 *|     *  *  *      | *
        _________)/\\_//(\/(/\)/\//\/|_)_______

Goodbye ARFwashere the Archeologist...

You died in The Gnomish Mines on dungeon level 6 with 2202 points,
and 862 pieces of gold, after 3470 moves.
You were level 5 with a maximum of 28 hit points when you died.

